 Dungeon Crawl Stone Soup version 0.26-a0-660-gc07710193c (webtiles) character file.

Game seed: 4174528237416959608

7780 tacoguy the Destroyer (level 11, -4/54 HPs)
             Began as a Deep Elf Conjurer on Oct 5, 2020.
             Was a Believer of Vehumet.
             Slain by a skeletal warrior
             ... wielding a +2 hand axe of flaming
              (22 damage)
             ... on level 8 of the Dungeon.
             The game lasted 00:53:35 (10192 turns).

tacoguy the Destroyer (Deep Elf Conjurer)          Turns: 10192, Time: 00:53:35

Health: -4/54      AC:  8    Str:  4    XL:     11   Next: 1%
Magic:  17/39      EV: 13    Int: 27    God:    Vehumet [**....]
Gold:   373        SH:  0    Dex: 13    Spells: 16/37 levels left

rFire    . . .     SeeInvis .   d - staff of cold
rCold    + . .     Faith    .   (no shield)
rNeg     . . .     Spirit   .   q - +2 robe {MR+}
rPois    +         Reflect  .   p - +0 helmet
rElec    .         Harm     .   m - +1 cloak
rCorr    .         Rampage  .   i - +0 pair of gloves
MR       ++...                  (no boots)
Stlth    ++........             r - amulet of the acrobat
HPRegen  0.18/turn              x - ring of magical power
MPRegen  0.26/turn              y - ring of poison resistance

@: slowed, very slow
A: deterioration 1, screaming 1
a: Renounce Religion


You were on level 8 of the Dungeon.
You worshipped Vehumet.
Vehumet was pleased with you.
You visited 2 branches of the dungeon, and saw 9 of its levels.

You collected 373 gold pieces.

Inventory:

Missiles
 F - 5 javelins (quivered)
Armour
 i - a +0 pair of gloves (worn)
 m - a +1 cloak (worn)
 p - a +0 helmet (worn)
 q - a +2 robe of magic resistance (worn)
Magical Staves
 d - an uncursed staff of cold (weapon)
 g - an uncursed staff of poison
 A - an uncursed staff of fire
Jewellery
 r - an amulet of the acrobat (around neck)
 x - a ring of magical power (left hand)
 y - a ring of poison resistance (right hand)
Wands
 h - a wand of digging (10)
 o - a wand of polymorph (19)
 w - a wand of acid (3)
 D - a wand of random effects (25)
Scrolls
 c - 3 scrolls of teleportation
 e - 4 scrolls of enchant armour
 f - 2 scrolls of blinking
 n - 3 scrolls of remove curse
 u - a scroll of magic mapping
 v - 2 scrolls of amnesia
Potions
 a - a potion of brilliance {unknown}
 b - a potion of degeneration {unknown}
 k - a potion of might {unknown}
 l - a potion of stabbing
 s - a potion of cancellation
 t - a potion of resistance {unknown}
 B - a potion of flight {unknown}


   Skills:
 - Level 2.4 Dodging
 - Level 2.4 Stealth
 * Level 13.6 Spellcasting
 + Level 13.8 Conjurations
 + Level 4.5 Summonings


You had 16 spell levels left.
You knew the following spells:

 Your Spells              Type           Power        Failure   Level
a - Call Canine Familiar  Summ           #####...     1%          3
b - Searing Ray           Conj           ######       0%          2
c - Fulminant Prism       Conj/Hex       ######....   1%          4
d - Iskenderun's Mystic   Conj/Tloc      ######..     1%          4
e - Summon Ice Beast      Ice/Summ       #####...     12%         4
f - Summon Lightning Spi  Summ/Air       ####....     12%         4

Your spell library contained the following spells:

 Spells                   Type           Power        Failure   Level
 Frozen Ramparts          Ice            ####..       9%          3
 Magic Dart               Conj           ####         0%          1
 Summon Small Mammal      Summ           ####         1%          1
 Call Imp                 Summ           #####...     1%          2
 Conjure Flame            Conj/Fire      ######..     1%          3
 Dazzling Flash           Conj/Hex       ######       1%          3
 Mephitic Cloud           Conj/Pois/Air  #####...     1%          3
 Beastly Appendage        Tmut           ###...       3%          1
 Summon Guardian Golem    Hex/Summ       ####....     3%          3
 Blink                    Tloc           N/A          4%          2
 Slow                     Hex            ###.....     4%          2
 Wereblood                Tmut           ###.....     4%          2
 Spider Form              Tmut/Pois      ###.......   9%          3
 Ice Form                 Ice/Tmut       ####....     30%         4
 Blade Hands              Tmut           ###.......   63%         5


Dungeon Overview and Level Annotations

Branches:
Dungeon (8/15)             Temple (1/1) D:5
   Lair: D:8-11

Altars:
Ashenzari
Cheibriados
Dithmenos
Elyvilon
Fedhas
Gozag
Kikubaaqudgha
Okawaru
Qazlal
Ru
Sif Muna
Trog
Uskayaw
Vehumet
Wu Jian
Xom
Yredelemnul
Zin
The Shining One

Shops:
D:4 (

Annotations:
D:7 1 runed translucent door
D:8 1 transporter


Innate Abilities, Weirdness & Mutations

Your body sometimes deteriorates upon taking damage.
You occasionally shout uncontrollably at your foes.


Message History

The skeletal warrior closely misses you.
The skeletal warrior hits your ice beast with a +2 hand axe of flaming.
The skeletal warrior melts your ice beast.
Your ice beast hits the skeletal warrior but does no damage.
Your ice beast hits the bullfrog skeleton.
Your ice beast freezes the bullfrog skeleton.
The bullfrog skeleton resists.
The bullfrog skeleton is destroyed!
Vehumet accepts your kill.
Casting: Summon Lightning Spire (dangerous; 12% risk of failure)
Confirm with . or Enter, or press ? or * to list all spells.
Press: ? - help, Shift-Dir - straight line, f - wraith
Aim: a wraith (almost destroyed)
The searing ray hits the wraith.
The wraith is almost destroyed. (Press . to maintain the ray.)
The wraith hits you. The wraith drains your vigour!
You feel yourself slow down.
The skeletal warrior hits you with a +2 hand axe of flaming!!
You die...

.#.#..######## ####......
.#.#..#...........#..##.#
.#....#..........}#.).#.#
.##...#.?###.###.$#...#.####
......#..#8#.#8#._#..)....(#
.#....#....Y.....)#........#
.#...h#.....©....⌠#©.......#
.#....#.......YzWp#...)....#
##.##.#..#8#.#8#@8#........####
......#..###.###.$#...........#
.#.##.#..........$#......<..!.#
.#.##.#©......:...#..........##
#.#############...##....##
#.................##...##
#########.........##.....
#########.........##...##.
#....................... #


You could see a death knight, a skeletal warrior, a wraith, 2 friendly ice
beasts and a friendly lightning spire (summoned).

Vanquished Creatures
  A hydra (D:5)
  A two-headed ogre (D:8)
  An unseen horror (D:5)
  The ghost of TigOlBitties the Thaumaturge, a novice DEAE of Vehumet (D:7)
  Pikel (D:4)
  A queen bee (D:7)
  Grinder (D:4)
  Sigmund (D:4)
  A wyvern (D:8)
  A steam dragon (D:7)
  A soldier ant (D:7)
  A sky beast (D:5)
  An ice beast (D:6)
  2 phantoms
  A black bear (D:7)
  A necrophage (D:6)
  3 ogres
  4 orc warriors
  An eye of draining (D:8)
  2 centaurs
  A lemure (D:4)
  A big kobold (D:7)
  Blork the orc (D:5)
  5 bullfrogs
  4 scorpions
  7 killer bees (D:7)
  5 wights (D:6)
  A howler monkey (D:4)
  A gnoll shaman (D:7)
  A hound (D:5)
  A bullfrog skeleton (D:7)
  3 orc priests
  4 jellies
  4 orc wizards
  3 centaur skeletons
  An iguana (D:5)
  10 worker ants
  A killer bee zombie (D:8)
  5 hound skeletons
  2 hound zombies
  A mummy (D:8)
  14 gnolls
  11 adders
  A shadow imp (D:5)
  3 white imps
  2 ufetubi
  3 oozes
  4 adder skeletons
  3 worms
  3 dart slugs
  5 leopard geckos
  22 orcs
  3 ball pythons
  7 bats
  8 giant cockroaches
  6 hobgoblins
  6 jackals
  12 kobolds
  2 quokkas
  6 frilled lizards
  A giant cockroach zombie (D:5)
  8 goblins
  A jackal skeleton (D:4)
  10 rats
  2 butterflies (D:7)
232 creatures vanquished.

Vanquished Creatures (collateral kills)
  A shadow (D:8)
  An ogre (D:6)
  A bullfrog skeleton (D:8)
  2 orcs (D:6)
  A giant cockroach (D:7)
6 creatures vanquished.

Vanquished Creatures (others)
  40 fulminant prisms
40 creatures vanquished.

Grand Total: 278 creatures vanquished

Notes
Turn   | Place    | Note
-------+----------+-------------------------------------------
     0 | D:1      | tacoguy the Deep Elf Conjurer began the quest for the Orb.
     0 | D:1      | Reached XP level 1. HP: 10/10 MP: 6/6
   222 | D:1      | Reached XP level 2. HP: 15/15 MP: 5/8
   252 | D:1      | Learned a level 2 spell: Searing Ray
   653 | D:1      | Reached skill level 5 in Conjurations
   659 | D:1      | Reached XP level 3. HP: 19/19 MP: 0/10
  1070 | D:2      | Reached XP level 4. HP: 24/24 MP: 8/12
  1114 | D:2      | Learned a level 4 spell: Fulminant Prism
  1119 | D:2      | Learned a level 4 spell: Iskenderun's Mystic Blast
  1868 | D:2      | Reached skill level 5 in Spellcasting
  1868 | D:2      | Reached XP level 5. HP: 28/28 MP: 4/14
  2159 | D:3      | Found a shadowy altar of Dithmenos.
  2160 | D:3      | Found a bloodstained altar of Trog.
  2170 | D:3      | Found a shimmering altar of Xom.
  2567 | D:3      | Found a faded altar of an unknown god.
  2986 | D:4      | Reached XP level 6. HP: 32/32 MP: 11/16
  3028 | D:4      | Noticed Sigmund
  3038 | D:4      | Killed Sigmund
  3367 | D:4      | Noticed Grinder
  3381 | D:4      | Killed Grinder
  3381 | D:4      | Reached XP level 7. HP: 36/36 MP: 1/19
  3501 | D:4      | Noticed Pikel
  3513 | D:4      | Killed Pikel
  3513 | D:4      | Reached XP level 8. HP: 41/41 MP: 2/21
  3744 | D:4      | Found Voaq Zam's Weapon Shop.
  3972 | D:5      | Entered Level 5 of the Dungeon
  4019 | D:5      | Found a blossoming altar of Fedhas.
  4072 | D:5      | Found a glowing golden altar of the Shining One.
  4074 | D:5      | Noticed a five-headed hydra
  4076 | D:5      | Found a transporter.
  4088 | D:5      | Found a transporter.
  4282 | D:5      | Noticed Blork the orc
  4287 | D:5      | Reached skill level 10 in Conjurations
  4288 | D:5      | Killed Blork the orc
  5186 | D:5      | Found a staircase to the Ecumenical Temple.
  5227 | Temple   | Entered the Ecumenical Temple
  5388 | Temple   | Became a worshipper of Vehumet
  5503 | D:5      | Gained mutation: You are partially covered in thin metallic
                  | scales. (AC +2) [potion of mutation]
  5503 | D:5      | Gained mutation: You have an increased reservoir of magic.
                  | (+10% MP) [potion of mutation]
  5503 | D:5      | Gained mutation: You are robust. (+10% HP) [potion of
                  | mutation]
  5504 | D:5      | Lost mutation: You are partially covered in thin metallic
                  | scales. (AC +2) [potion of mutation]
  5504 | D:5      | Lost mutation: You are robust. (+10% HP) [potion of
                  | mutation]
  5504 | D:5      | Lost mutation: You have an increased reservoir of magic.
                  | (+10% MP) [potion of mutation]
  5504 | D:5      | Gained mutation: Your body sometimes deteriorates upon
                  | taking damage. [potion of mutation]
  5504 | D:5      | Gained mutation: You occasionally shout uncontrollably at
                  | your foes. [potion of mutation]
  5504 | D:5      | Gained mutation: You are frail. (-10% HP) [potion of
                  | mutation]
  5504 | D:5      | Lost mutation: You are frail. (-10% HP) [potion of
                  | mutation]
  5570 | D:5      | Killed an unseen horror
  5570 | D:5      | Reached XP level 9. HP: 14/45 MP: 7/24
  5570 | D:5      | Killed a five-headed hydra
  5570 | D:5      | Reached skill level 10 in Spellcasting
  6075 | D:6      | Learned a level 3 spell: Call Canine Familiar
  6080 | D:6      | Learned a level 4 spell: Summon Ice Beast
  6085 | D:6      | Learned a level 4 spell: Summon Lightning Spire
  6191 | D:6      | Found a blossoming altar of Fedhas.
  6615 | D:6      | Reached XP level 10. HP: 50/50 MP: 18/27
  7433 | D:7      | Noticed TigOlBitties's ghost (novice DEAE)
  7476 | D:7      | Reached * piety under Vehumet
  7476 | D:7      | Offered knowledge of Foxfire by Vehumet.
  7565 | D:7      | Reached skill level 1 in Summonings
  7778 | D:7      | Found a snail-covered altar of Cheibriados.
  7999 | D:7      | Found a runed translucent door.
  8021 | D:7      | Found a runed translucent door.
  8330 | D:7      | Reached ** piety under Vehumet
  8408 | D:7      | Found a transporter.
  8409 | D:7      | Found a transporter.
  8419 | D:7      | Offered knowledge of Sandblast by Vehumet.
  8743 | D:7      | Killed TigOlBitties's ghost
  8855 | D:8      | Noticed a two-headed ogre
  8859 | D:8      | Found an ancient bone altar of Kikubaaqudgha.
  8859 | D:8      | Found a basalt altar of Yredelemnul.
  8868 | D:8      | Killed a two-headed ogre
  9109 | D:8      | Noticed a death knight
  9109 | D:8      | Noticed a skeletal warrior
  9182 | D:8      | Found a transporter.
  9185 | D:8      | Found a transporter.
  9722 | D:8      | Identified the +5 great sword "Deiwif" {protect, Str+5}
  9725 | D:8      | Offered knowledge of Frozen Ramparts by Vehumet.
 10185 | D:8      | Reached XP level 11. HP: 19/54 MP: 22/30
 10192 | D:8      | Slain by a skeletal warrior

Illustrated notes

Levels and vault maps discovered:
D:1:      psy_arrival_conway, layout_rooms
D:2:      minmay_angry_zag, layout_rooms
D:3:      layout_loops_ring, grunt_temple_overflow_open,
          chequers_ecumenical_altar_simple
D:4:      layout_loops_ring, serial_shops, shop_fountains, grunt_ministairs_1,
          uniq_grinder, uniq_sigmund, uniq_pikel
D:5:      layout_loops_cross, gammafunk_temple_overflow_arena,
          lemuel_round_altar, minmay_temple_entry_fiery,
          minmay_misc_feat_hallway, uniq_blork_the_orc
D:6:      layout_layer_cave, basic_altar
D:7:      lemuel_insect_pit, layout_rooms, kennysheep_mini_moat,
          gammafunk_ghost_hive
D:8:      layout_basic, gammafunk_temple_of_torment,
          grunt_temple_overflow_diamond, basic_altar
Temple:   jpeg_temple_clearing

Skill      XL: |  1  2  3  4  5  6  7  8  9 10 |
---------------+-------------------------------+-----
Conjurations   | 5 6 8 9 11 13 | 13.8
Spellcasting   | 4 5 6 7 9 11 13 | 13.6
Summonings     | 4 |  4.5
Dodging        | |  2.4
Stealth        | |  2.4

Action                   |  1- 3 |  4- 6 |  7- 9 | 10-12 || total
-------------------------+-------+-------+-------+-------++-------
Melee: Dagger            |       |     6 |       |       ||     6
       Staff             |       |       |       |     2 ||     2
 Cast: Magic Dart        |    38 |    74 |    20 |       ||   132
       Searing Ray       |     8 |    12 |    45 |    38 ||   103
       Fulminant Prism   |       |     8 |    13 |    19 ||    40
       Iskenderun's Myst |       |     2 |     7 |    32 ||    41
       Call Canine Famil |       |       |     3 |     8 ||    11
       Summon Lightning  |       |       |       |     3 ||     3
       Summon Ice Beast  |       |       |       |     2 ||     2
  Use: Scroll            |     7 |     1 |     4 |     7 ||    19
       Potion            |       |       |     2 |     5 ||     7
Armor: Robe              |     1 |     8 |     4 |    12 ||    25
Dodge: Dodged            |     3 |    16 |    11 |    65 ||    95

Table legend: (Time is in decaauts)
 A = Elapsed time spent in this place.
 B = Non-inter-level travel time spent in this place.
 C = Inter-level travel time spent in this place.
 D = Time resting spent in this place.
 E = Time spent auto-exploring this place.
 F = Levels seen in this place.
 G = Mean time per level.
                   A        B        C        D        E       F      G
               +--------+--------+--------+--------+--------+-----+--------+
         Total |  10189 |   9716 |    473 |   4923 |   3275 |   9 | 1132.1 |
       Dungeon |  10011 |   9633 |    378 |   4923 |   3195 |   8 | 1251.4 |
        Temple |    177 |     82 |     95 |      0 |     80 |   1 |  177.0 |
               +--------+--------+--------+--------+--------+-----+--------+

Top non-repeatable levels by time:
     D:5: 1669 daAuts
     D:7: 1621 daAuts
     D:6: 1411 daAuts
     D:8: 1334 daAuts
     D:2: 1259 daAuts
     D:4: 1086 daAuts
     D:1: 864 daAuts
     D:3: 764 daAuts
  Temple: 177 daAuts
